 Dungeon Crawl Stone Soup version 0.28.0-53-g5a82cb258f (webtiles) character file.

Game seed: 9437137703099896250

1744 Eitelfritz the Conjurer (level 8, 0/91 HPs)
             Began as a Purple Draconian Conjurer on May 29, 2022.
             Succumbed to a killer bee's poison
             ... on level 9 of the Dungeon.
             The game lasted 00:26:39 (7989 turns).

Eitelfritz the Conjurer (Purple Draconian Conjurer) Turns: 7989, Time: 00:26:40

Health: 0/91       AC:  9    Str: 11    XL:     8   Next: 77%
Magic:  13/18      EV: 12    Int: 20    God:
Gold:   232        SH:  0    Dex:  9    Spells: 4/20 levels left

rFire   . . .      SeeInvis .   a - +0 trident
rCold   . . .      Faith    .   (no shield)
rNeg    . . .      Spirit   .   (armour unavailable)
rPois   .          Reflect  .   (helmet restricted)
rElec   .          Harm     .   (no cloak)
rCorr   .          Rampage  .   j - +1 pair of gloves
Will    +....                   s - +0 pair of boots
Stlth   ..........              o - amulet of magic regeneration
HPRegen 0.25/turn               (no ring)
MPRegen 0.56/turn               (no ring)

@: berserking, lethally poisoned (0 -> -3), very quick
A: breathe power, AC +6, unfitting armour, cold-blooded
a: Breathe Dispelling Energy


You were on level 9 of the Dungeon.
You visited 2 branches of the dungeon, and saw 9 of its levels.
You also visited: Sewer.

You collected 232 gold pieces.

Inventory:

Hand Weapons
 a - a +0 trident (weapon)
 h - a +1 broad axe
Missiles
 k - 7 curare-tipped darts
 p - 19 poisoned darts
 u - 4 boomerangs
Armour
 j - a +1 pair of gloves (worn)
 s - a +0 pair of boots (worn)
Jewellery
 m - an amulet of guardian spirit
 o - an amulet of magic regeneration (around neck)
 y - an amulet of faith
Wands
 c - a wand of mindburst (9)
 t - a wand of charming (12)
Scrolls
 b - a scroll of fear
 d - a scroll of enchant weapon
 e - a scroll of teleportation
 n - 2 scrolls of blinking
 r - 2 scrolls of identify
Potions
 f - a potion of magic {unknown}
 g - a potion of lignification {unknown}
 i - a potion of might {unknown}
 l - 5 potions of mutation
 q - a potion of heal wounds {unknown}
 z - a potion of resistance {unknown}
 A - 3 potions of berserk rage


   Skills:
 + Level 2.1 Fighting
 + Level 1.6(2.3) Axes
 + Level 2.4(2.7) Polearms
 + Level 3.6 Dodging
 + Level 4.1 Stealth
 + Level 1.2 Unarmed Combat
 + Level 6.9 Spellcasting
 + Level 7.8 Conjurations
 + Level 0.2 Hexes
 + Level 0.1 Ice Magic


You had 4 spell levels left.
You knew the following spells:

 Your Spells              Type           Power      Damage    Failure   Level
a - Magic Dart            Conj           100%       1d8       1%          1
b - Searing Ray           Conj           76%        2d7       1%          2
c - Dazzling Flash        Conj/Hex       46%        N/A       5%          3
d - Ensorcelled Hibernat  Hex/Ice        14%        N/A       13%         2
e - Fulminant Prism       Conj/Hex       11%        3d9       19%         4
f - Iskenderun's Mystic   Conj/Tloc      22%        2d6       19%         4

Your spell library contained the following spells:

 Spells                   Type           Power      Damage    Failure   Level
 Apportation              Tloc           12%        N/A       10%         1
 Passwall                 Tmut/Erth      5%         N/A       14%         2
 Swiftness                Air            6%         N/A       28%         3
 Alistair's Intoxication  Tmut/Pois      4%         N/A       95%         5


Dungeon Overview and Level Annotations

Branches:
Dungeon (9/15)             Temple (1/1) D:4           Sewer (visited)
   Lair: D:8-11         Orc: D:9-12

Altars:
Ashenzari
Cheibriados
Dithmenos
Fedhas
Gozag
Hepliaklqana
Kikubaaqudgha
Makhleb
Okawaru
Qazlal
Sif Muna
Trog
Uskayaw
Wu Jian
Yredelemnul
Zin

Portals:
Abyss: D:3

Annotations:
D:3 2 transporters, blade888's ghost, amateur GrEE
D:6 2 transporters


Innate Abilities, Weirdness & Mutations

You can breathe bolts of dispelling energy.
Your rich purple scales are hard. (AC +6)
You cannot fit into any form of body armour.
You are cold-blooded and may be slowed by cold attacks.


Message History

The killer bee is severely wounded. (Press . to maintain the ray.)
The killer bee stings you but does no damage.
The killer bee stings you! The killer bee misses you.
The killer bee stings you but does no damage.
The searing ray misses the killer bee.
The killer bee barely misses you. x2
The killer bee stings you but does no damage.
The killer bee stings you.
The searing ray misses the killer bee.
The killer bee barely misses you. The killer bee misses you.
The killer bee stings you.
You are poisoned.
The killer bee poisons you! The killer bee stings you!
* * * LOW HITPOINT WARNING * * *
The searing ray hits the killer bee!
You kill the killer bee!
You finish channelling your searing ray.
You feel sick. The killer bee closely misses you.
The killer bee barely misses you.
Unknown command.
Casting: Searing Ray (safe; 1% risk of failure)
Confirm with . or Enter, or press ? or * to list all spells.
Aiming: Magic Dart (safe; 1% risk of failure)
Press: ? - help, Shift-Dir - straight line, f - killer bee
Aim: a killer bee (100% to hit)
The magic dart hits the killer bee.
The killer bee is moderately wounded.
You feel sick. The killer bee closely misses you. The killer bee stings you!
* * * LOW HITPOINT WARNING * * *
A red film seems to cover your vision as you go berserk!
You feel yourself moving faster!
You feel mighty!
* * * LOW HITPOINT WARNING * * *
You feel sick. The killer bee barely misses you.
The killer bee closely misses you.
You miss the killer bee.
The killer bee is moderately wounded.
* * * LOW HITPOINT WARNING * * *
You feel sick. The killer bee closely misses you.
You puncture the killer bee!
The killer bee is severely wounded.
You die...

########################
.......................#
.....#.......#....#....#
.....#.....)......#....#
........####'##..†#....#
.......>#.....#.@y..<..#
#..#....#####.####.....#
#. #..#.# .# +..##.# .
#....# .. #..# .#
......# ### #... .#
........ ......#
#..###..# .......# ...
.# ........# .. ..


You could see a killer bee.

Vanquished Creatures
  Maggie (D:6)
  A sky beast (D:6)
  A necrophage (D:4)
  2 centaurs (D:6)
  2 kobold brigands (Sewer)
  Blork the orc (D:6)
  A scorpion (D:5)
  3 killer bees (D:9)
  4 hounds
  A bullfrog zombie (D:5)
  An orc priest (D:6)
  2 centaur skeletons
  A bullfrog skeleton (D:4)
  A gnoll shaman (D:6)
  2 iguanas
  3 orc wizards
  4 gnolls (D:6)
  A howler monkey skeleton (D:6)
  10 adders
  A river rat (Sewer)
  A shadow imp (D:5)
  2 white imps (D:6)
  12 worms
  4 dart slugs
  13 orcs
  5 endoplasms
  4 giant cockroaches
  6 goblins
  5 hobgoblins
  2 jackals (D:1)
  2 quokkas (D:2)
  16 ball pythons
  5 bats
  2 frilled lizards
  14 kobolds
  10 rats
146 creatures vanquished.

Vanquished Creatures (others)
  A plant (D:1)
1 creature vanquished.

Grand Total: 147 creatures vanquished

Notes
Turn   | Place    | Note
-------+----------+-------------------------------------------
     0 | D:1      | Eitelfritz the Draconian Conjurer began the quest for the
                  | Orb.
     0 | D:1      | Reached XP level 1. HP: 14/14 MP: 3/3
   173 | D:1      | Reached XP level 2. HP: 15/20 MP: 3/5
   628 | D:1      | Reached XP level 3. HP: 21/26 MP: 1/6
   697 | D:1      | Learned a level 2 spell: Searing Ray
   802 | D:1      | Found a faded altar of an unknown god.
  1405 | D:2      | Reached skill level 5 in Conjurations
  1809 | D:2      | Learned a level 3 spell: Dazzling Flash
  2162 | D:2      | Reached XP level 4. HP: 33/33 MP: 1/7
  2469 | D:3      | Found a transporter.
  2495 | D:3      | Found a transporter.
  2495 | D:3      | Found a one-way gate to the infinite horrors of the Abyss.
  2495 | D:3      | Noticed blade888's ghost (amateur GrEE)
  2495 | D:3      | Noticed an ancient zyme
  2504 | D:3      | Noticed a small abomination
  2546 | D:3      | Noticed a small abomination
  3283 | D:4      | Found a staircase to the Ecumenical Temple.
  3294 | D:4      | Reached XP level 5. HP: 28/38 MP: 2/9
  3387 | D:4      | Noticed a necrophage
  3395 | D:4      | Killed a necrophage
  3396 | D:4      | Reached skill level 1 in Unarmed Combat
  3546 | D:4      | Reached XP level 6. HP: 46/46 MP: 11/11
  3594 | D:4      | Reached skill level 6 in Conjurations
  4131 | D:4      | Reached skill level 1 in Axes
  4225 | Temple   | Entered the Ecumenical Temple
  4451 | D:5      | Entered Level 5 of the Dungeon
  4489 | D:5      | Found a glowing drain.
  4521 | Sewer    | Entered a sewer
  4579 | Sewer    | Reached skill level 1 in Fighting
  4802 | Sewer    | Your scales start taking on a rich purple colour.
  4802 | Sewer    | Reached XP level 7. HP: 40/52 MP: 9/14
  5061 | Sewer    | Reached skill level 5 in Spellcasting
  5719 | D:5      | Reached skill level 1 in Polearms
  5837 | D:5      | Found a basalt altar of Yredelemnul.
  5884 | D:5      | Found a burning altar of Makhleb.
  5993 | D:5      | Found a bloodstained altar of Trog.
  6270 | D:5      | Learned a level 2 spell: Ensorcelled Hibernation
  6275 | D:5      | Learned a level 4 spell: Fulminant Prism
  6280 | D:5      | Learned a level 4 spell: Iskenderun's Mystic Blast
  6417 | D:6      | Noticed Blork the orc
  6425 | D:6      | Killed Blork the orc
  6426 | D:6      | Reached skill level 7 in Conjurations
  6543 | D:6      | Found a transporter.
  6662 | D:6      | Found a transporter.
  6711 | D:6      | Noticed Maggie
  6723 | D:6      | Reached XP level 8. HP: 40/59 MP: 10/16
  6741 | D:6      | Killed Maggie
  7229 | D:6      | Identified the +1 scale mail of Odiwkizyng {rF+ Str+3}
  7641 | D:6      | You fall into a shaft and drop 3 floors!
  7986 | D:9      | HP: 2/61 [killer bee (7)]
  7989 | D:9      | Succumbed to a killer bee's poison

Illustrated notes

Levels and vault maps discovered:
D:1:      dpeg_arrival_signposts, layout_rooms, shapermc_ecumenical_altar_ellora
D:2:      layout_loops_ring
D:3:      layout_basic, gammafunk_ghost_abyssal_escape, kennysheep_cross_room
D:4:      layout_cave_pools, minmay_temple_entry_glass, kennysheep_path_1,
          grunt_decor_arrowhead, minmay_crystal_room, minmay_misc_feat_chi,
          kennysheep_pointless_box, minmay_fractal_squares_gapless_5
D:5:      layout_loops_cross, mainiacjoe_overflow_catch_the_wave,
          mainiacjoe_overflow_alcove_1, cheibrodos_sewer_entry_bend
D:6:      gammafunk_steamed_eel, layout_layer_cave, minmay_statues_item,
          nicolae_shop_firing_range, uniq_blork_the_orc, uniq_maggie
D:8:      layout_cave_pods, mainiacjoe_overflow_alcove_2, uniq_pikel
D:9:      layout_stronghold, nicolae_elyvilon_peaceful_grove,
          grunt_temple_overflow_open, uniq_prince_ribbit1, uniq_harold
Temple:   nicolae_temple_figure_eight

Skill      XL: |  1  2  3  4  5  6  7  8 |
---------------+-------------------------+-----
Stealth        | 2 3 4 |  4.1
Conjurations   | 5 6 7 |  7.8
Dodging        | 2 3 |  3.6
Spellcasting   | 3 4 5 6 |  6.9
Unarmed Combat | 1 |  1.2
Axes           | 1 |  1.6
Fighting       | 1 2 |  2.1
Polearms       | 1 2 |  2.4
Hexes          | |  0.2
Ice Magic      | |  0.1

Action                   |  1- 3 |  4- 6 |  7- 9 || total
-------------------------+-------+-------+-------++-------
Melee: Unarmed           |    47 |       |       ||    47
       Tailslap          |     8 |     2 |     2 ||    12
       Broad axe         |       |     5 |       ||     5
       Trident           |       |    12 |    39 ||    51
 Cast: Magic Dart        |    94 |    66 |    47 ||   207
       Searing Ray       |     3 |    30 |    32 ||    65
       Ensorcelled Hiber |       |       |     1 ||     1
  Use: Scroll            |       |     4 |     7 ||    11
       Potion            |       |       |     3 ||     3
 Stab: Sleeping          |       |       |     3 ||     3
Armor: Skin              |    28 |    20 |    48 ||    96
Dodge: Dodged            |    36 |    45 |   104 ||   185
